 Dungeon Crawl Stone Soup version 0.28-a0-2-g643f2454ad (webtiles) character file.

Game seed: 16232217655339843372

743 zazu2006 the Magician (level 7, -4/57 HPs)
             Began as a Naga Hedge Wizard on July 22, 2021.
             Shot with an arrow by a centaur (11 damage)
             ... on level 5 of the Dungeon.
             The game lasted 00:06:35 (5585 turns).

zazu2006 the Magician (Naga Hedge Wizard)           Turns: 5585, Time: 00:06:35

Health: -4/57      AC:  4    Str: 13    XL:     7   Next: 76%
Magic:  10/14      EV:  9    Int: 16    God:
Gold:   166        SH:  0    Dex: 10    Spells: 6/15 levels left

rFire   . . .      SeeInvis +   a - +0 dagger
rCold   . . .      Faith    .   (no shield)
rNeg    . . .      Spirit   .   f - +0 leather armour
rPois   +          Reflect  .   c - +0 hat
rElec   .          Harm     .   (no cloak)
rCorr   .          Rampage  .   (no gloves)
Will    .....                   (no barding)
Stlth   ++........              (no amulet)
HPRegen 0.19/turn               (no ring)
MPRegen 0.14/turn               (no ring)

@: studying Dodging, very slow
A: AC +2, large, see invisible, deformed body, poison resistance, slowness 2,
spit poison 1, naga tail 1
a: Spit Poison


You were on level 5 of the Dungeon.
You visited 1 branch of the dungeon, and saw 5 of its levels.

You collected 166 gold pieces.

Inventory:

Hand Weapons
 a - a +0 dagger (weapon)
Armour
 c - a +0 hat (worn)
 f - a +0 leather armour (worn)
Jewellery
 l - an amulet of guardian spirit
Scrolls
 b - 3 scrolls of immolation {unknown}
 d - 4 scrolls of identify {unknown}
 h - a scroll of silence {unknown}
 i - a scroll of teleportation {unknown}
 j - a scroll of acquirement {unknown}
 k - a scroll of magic mapping {unknown}
Potions
 e - a potion of mutation {unknown}
 g - a potion of degeneration {unknown}


   Skills:
 + Level 1.2 Fighting
 + Level 1.9 Short Blades
 + Level 3.2 Armour
 + Level 2.2 Dodging
 + Level 4.8 Stealth
 + Level 4.9 Spellcasting
 + Level 3.6 Conjurations
 + Level 1.2 Summonings
 + Level 1.0 Translocations
 + Level 0.5 Air Magic
 + Level 1.1 Poison Magic


You had 6 spell levels left.
You knew the following spells:

 Your Spells              Type           Power      Damage    Failure   Level
a - Magic Dart            Conj           60%        1d6       4%          1
b - Mephitic Cloud        Conj/Pois/Air  9%         N/A       28%         3
c - Conjure Flame         Conj/Fire      9%         6-21      28%         3
d - Blink                 Tloc           N/A        N/A       21%         2

Your spell library contained the following spells:

 Spells                   Type           Power      Damage    Failure   Level
 Searing Ray              Conj           30%        3d4       7%          2
 Call Imp                 Summ           7%         N/A       19%         2
 Slow                     Hex            3%         N/A       30%         2
 Fulminant Prism          Conj/Hex       4%         3d6       67%         4


Dungeon Overview and Level Annotations

Branches:
Dungeon (5/15)
 Temple: D:4-7

Altars:
Uskayaw

Annotations:
D:3 2 runed translucent doors, DocClef's ghost, novice GnDe


Innate Abilities, Weirdness & Mutations

Your serpentine skin is tough. (AC +2)
You have supernaturally acute eyesight. (SInv)
Armour fits poorly on your strangely shaped body.
Your system is resistant to poisons. (rPois)
You cover ground very slowly.
You can spit poison.
You have a snake-like lower body.


Message History

The arrow hits you!
The centaur shoots an arrow.
The arrow barely misses you.
Casting: Blink (safe; 21% risk of failure)
Confirm with . or Enter, or press ? or * to list all spells.
Aiming: Mephitic Cloud (dangerous; 28% risk of failure)
Press: ? - help, Shift-Dir - straight line, f - iguana
Aim: an iguana (chance to affect: 86%)
The ball explodes into a vile cloud!
The stinking cloud engulfs you but does no damage.
The iguana closely misses you.
Unknown command.
Unknown command.
The iguana is engulfed in noxious fumes.
The iguana appears confused.
Casting: Mephitic Cloud (dangerous; 28% risk of failure)
Confirm with . or Enter, or press ? or * to list all spells.
Aiming: Magic Dart (safe; 4% risk of failure)
Press: ? - help, Shift-Dir - straight line, f - white imp
Aim: a white imp (100% to hit)
The magic dart hits the white imp but does no damage.
The white imp hits you. The white imp freezes you.
The iguana is engulfed in noxious fumes.
The iguana appears confused.
The iguana bites you but does no damage.
You aren't carrying any items that you can evoke.
Okay, then.
The white imp completely misses you. x2
The white imp gestures at you. The puff of frost hits you.
The white imp hits you but does no damage.
The white imp hits you. The white imp freezes you.
The iguana barely misses the white imp.
The white imp gestures at you. The puff of frost hits you!
* * * LOW HITPOINT WARNING * * *
The white imp gestures at you. The puff of frost misses you.
The centaur shoots an arrow.
The arrow hits you!
* * * LOW HITPOINT WARNING * * *
The centaur shoots an arrow.
The arrow hits you!
You die...

#.......#
#.......###
.......>.#
#..#.##.#
#.c#.##.#
#.<.5##.#
#c##.##J#
#.#.##.##.#
#...@.J...#
######.####
#.# #.# #.#
#.# #.# #..


You could see a centaur and a jelly.

Vanquished Creatures
  A hornet (D:4)
  A wyvern (D:4)
  An ogre (D:3)
  2 scorpions
  A jelly (D:4)
  A hound (D:4)
  An iguana (D:4)
  A howler monkey skeleton (D:4)
  3 gnolls (D:3)
  2 adders
  An adder skeleton (D:4)
  2 worms
  7 bats
  4 endoplasms
  A giant cockroach (D:4)
  6 hobgoblins
  2 jackals (D:3)
  3 quokkas
  7 ball pythons
  4 frilled lizards
  5 goblins
  3 kobolds (D:2)
  6 rats
65 creatures vanquished.

Notes
Turn   | Place    | Note
-------+----------+-------------------------------------------
     0 | D:1      | zazu2006 the Naga Hedge Wizard began the quest for the Orb.
     0 | D:1      | Reached XP level 1. HP: 15/15 MP: 4/4
   289 | D:1      | Reached XP level 2. HP: 22/22 MP: 1/6
   735 | D:1      | Found a faded altar of an unknown god.
  1332 | D:2      | Reached XP level 3. HP: 28/28 MP: 2/8
  1336 | D:2      | Learned a level 3 spell: Mephitic Cloud
  1340 | D:2      | Learned a level 3 spell: Conjure Flame
  1343 | D:2      | Learned a level 2 spell: Blink
  2195 | D:3      | Noticed a scorpion
  2203 | D:3      | Killed a scorpion
  2204 | D:3      | Reached skill level 1 in Short Blades
  2204 | D:3      | Reached XP level 4. HP: 5/36 MP: 3/9
  2711 | D:3      | Reached skill level 1 in Armour
  2711 | D:3      | Reached XP level 5. HP: 24/42 MP: 4/10
  3246 | D:3      | Noticed an ogre
  3253 | D:3      | Killed an ogre
  3519 | D:3      | Found a hide-covered altar of Uskayaw.
  3594 | D:3      | Found a runed translucent door.
  3618 | D:3      | Found a runed translucent door.
  3657 | D:3      | Noticed DocClef's ghost (novice GnDe)
  4053 | D:4      | Reached XP level 6. HP: 50/50 MP: 9/12
  4511 | D:4      | Noticed a wyvern
  4525 | D:4      | Killed a wyvern
  4526 | D:4      | Reached skill level 1 in Fighting
  4738 | D:4      | Noticed a hornet
  4785 | D:4      | Killed a hornet
  4786 | D:4      | Reached skill level 1 in Poison Magic
  4786 | D:4      | Reached XP level 7. HP: 43/57 MP: 6/14
  5566 | D:5      | Entered Level 5 of the Dungeon
  5585 | D:5      | Shot with an arrow by a centaur

Illustrated notes

Levels and vault maps discovered:
D:1:      ebering_trefoil_twist, layout_rooms,
          dilly_ecumenical_altar_fadedgnrine
D:2:      layout_basic
D:3:      layout_basic, eat_drink_and_be_merry_uskayaw, ebering_ghost_sewer_f,
          minmay_door_square
D:4:      layout_basic, minmay_manual_macuahuitl
D:5:      layout_loops_cross, serial_bayou_lagoon_a, uniq_duvessa

Skill      XL: |  1  2  3  4  5  6 |
---------------+-------------------+-----
Short Blades   | 1 |  1.9
Conjurations   | 2 3 |  3.6
Armour         | 1 3 |  3.2
Spellcasting   | 4 |  4.9
Fighting       | 1 |  1.2
Stealth        | 4 |  4.8
Dodging        | 2 |  2.2
Poison Magic   | 1 |  1.1
Summonings     | |  1.2
Translocations | |  1.0
Air Magic      | |  0.5

Action                   |  1- 3 |  4- 6 |  7- 9 || total
-------------------------+-------+-------+-------++-------
Melee: Dagger            |     7 |    13 |     2 ||    22
 Cast: Magic Dart        |    78 |    81 |    24 ||   183
       Mephitic Cloud    |       |     6 |     2 ||     8
       Blink             |       |       |     1 ||     1
 Abil: Spit Poison       |     5 |    18 |     4 ||    27
 Stab: Confused          |       |     4 |       ||     4
Armor: Robe              |     1 |       |       ||     1
       Leather armour    |     3 |     5 |     3 ||    11
Dodge: Dodged            |    10 |    16 |    11 ||    37

Table legend: (Time is in decaauts)
 A = Elapsed time spent in this place.
 B = Non-inter-level travel time spent in this place.
 C = Inter-level travel time spent in this place.
 D = Time resting spent in this place.
 E = Time spent auto-exploring this place.
 F = Levels seen in this place.
 G = Mean time per level.
                   A        B        C        D        E       F      G
               +--------+--------+--------+--------+--------+-----+--------+
         Total |   6611 |   6501 |    110 |    283 |   5722 |   5 | 1322.2 |
       Dungeon |   6611 |   6501 |    110 |    283 |   5722 |   5 | 1322.2 |
               +--------+--------+--------+--------+--------+-----+--------+

Top non-repeatable levels by time:
     D:3: 2020 daAuts
     D:4: 1946 daAuts
     D:2: 1560 daAuts
     D:1: 1060 daAuts
     D:5: 24 daAuts
